PAA
ASHEVILLE HIGHLANDERS @ PHOENIX HOTSPUR YOUTH
07/16/2028
 
TOP OF THE 1ST
Asheville Highlanders batting - Pitching for Phoenix Hotspur Youth : LHP Ismael Lara
Pitching: LHP Ismael Lara
Batting: RHB Miguel Montoya 0-0: Called Strike
0-1: Foul Ball, location: 2F
0-2: SINGLE (Flyball, 8RM)
Batting: RHB Chris Oudekirk 0-0: Called Strike
0-1: Swinging Strike
0-2: SINGLE (Line Drive, 56D)
Miguel Montoya to second
Batting: LHB Tomás Valenzuela 0-0: Ball
Wild Pitch!
Miguel Montoya to third
Chris Oudekirk to second
1-0: Ground out 1-3 (Groundball, 13S)
Batting: RHB Ron Spence 0-0: Ball
1-0: Foul Ball, location: 2F
1-1: Ball
2-1: Called Strike
2-2: Ball
Wild Pitch!
Miguel Montoya scores
Chris Oudekirk to third
3-2: Foul Ball, location: 2F
3-2: Ground out 6-3 (Groundball, 6D)
Chris Oudekirk scores
Batting: RHB Esteban Olivo 0-0: Called Strike
0-1: Fly out, F7 (Line Drive, 7D)
Top of the 1st over - 2 run(s), 2 hit(s), 0 error(s), 0 left on base; Asheville 2 - Phoenix Hotspur 0
BOTTOM OF THE 1ST
Phoenix Hotspur Youth batting - Pitching for Asheville Highlanders : RHP Romano Martínez
Pitching: RHP Romano Martínez
Batting: RHB David Rivas 0-0: Foul Ball, location: 2F
0-1: Swinging Strike
0-2: Ball
1-2: Ball
2-2: Ball
3-2: Foul Ball, location: 2F
3-2: Foul Ball, location: 2F
3-2: Ground out 5-3 (Groundball, 56)
Batting: RHB Bernardo Rivera 0-0: Swinging Strike
0-1: Foul Ball, location: 2F
0-2: Foul Ball, location: 2F
0-2: Ground out 6-3 (Groundball, 6)
Batting: LHB Kenny Scott 0-0: Ground out 6-3 (Groundball, 6M)
Bottom of the 1st over - 0 run(s), 0 hit(s), 0 error(s), 0 left on base; Asheville 2 - Phoenix Hotspur 0
TOP OF THE 2ND
Asheville Highlanders batting - Pitching for Phoenix Hotspur Youth : LHP Ismael Lara
Batting: RHB Jan Gosselin 0-0: Ball
1-0: Called Strike
1-1: Ball
2-1: Called Strike
2-2: Ball
3-2: TRIPLE (Flyball, 7)
Batting: RHB Marshall Attwood 0-0: Ground out 6-3 (Groundball, 6D)
Jan Gosselin scores
Batting: RHB Bill Tan 0-0: Ball
1-0: Called Strike
1-1: Fly out, F3 (Flyball, 3D)
Batting: RHB Mason Holling 0-0: SINGLE (Groundball, 6MD)
Batting: RHB Miguel Montoya 0-0: Ball
1-0: Swinging Strike
1-1: Fly out, F7 (Flyball, 7S)
Top of the 2nd over - 1 run(s), 2 hit(s), 0 error(s), 1 left on base; Asheville 3 - Phoenix Hotspur 0
BOTTOM OF THE 2ND
Phoenix Hotspur Youth batting - Pitching for Asheville Highlanders : RHP Romano Martínez
Batting: RHB Eric Conway 0-0: Ball
1-0: Foul Ball, location: 2F
1-1: Foul Ball, location: 2F
1-2: Foul Ball, location: 2F
1-2: Ground out 6-3 (Groundball, 6)
Batting: RHB Rubén Andrada 0-0: Ball
1-0: Called Strike
1-1: Foul Ball, location: 2F
1-2: Ground out 1-3 (Groundball, P)
Batting: LHB António Escalante 0-0: Called Strike
0-1: Ball
1-1: Foul Ball, location: 2F
1-2: Strikes out looking
Bottom of the 2nd over - 0 run(s), 0 hit(s), 0 error(s), 0 left on base; Asheville 3 - Phoenix Hotspur 0
TOP OF THE 3RD
Asheville Highlanders batting - Pitching for Phoenix Hotspur Youth : LHP Ismael Lara
Batting: RHB Chris Oudekirk 0-0: Called Strike
0-1: Ball
1-1: Ball
2-1: Ball
3-1: Foul Ball, location: 2F
3-2: Base on Balls
Batting: LHB Tomás Valenzuela 0-0: Ball
1-0: Foul Ball, location: 2F
1-1: Called Strike
1-2: Ball
2-2: Fly out, F9 (Flyball, 9S)
Batting: RHB Ron Spence 0-0: Ball
1-0: Called Strike
1-1: Ball
2-1: Foul Ball, location: 2F
2-2: Foul Ball, location: 2F
2-2: Foul Ball, location: 2F
2-2: Ball
3-2: Foul Ball, location: 2F
3-2: Foul Ball, location: 2F
3-2: Foul Ball, location: 2F
3-2: Foul Ball, location: 2F
3-2: SINGLE (Line Drive, 6M)
Chris Oudekirk to second
Batting: RHB Esteban Olivo 0-0: Called Strike
0-1: Ball
1-1: Called Strike
1-2: Ball
2-2: Ball
3-2: Foul Ball, location: 2F
3-2: Fielders Choice at 2nd, 1-4 (Groundball, 15)
Chris Oudekirk to third
Batting: RHB Jan Gosselin 0-0: Foul Ball, location: 2F
0-1: Ball
1-1: Ball
2-1: Ball
3-1: Swinging Strike
3-2: Base on Balls
Esteban Olivo to second
Batting: RHB Marshall Attwood 0-0: Ball
1-0: SINGLE (Groundball, 56D)
Chris Oudekirk scores
Esteban Olivo to third
Jan Gosselin to second
Runner from 3rd tries for Home, SAFE, no throw
Batting: RHB Bill Tan 0-0: Called Strike
0-1: Ball
1-1: Foul Ball, location: 2F
1-2: Ball
2-2: Fly out, F2 (Popup, 25)
Top of the 3rd over - 2 run(s), 2 hit(s), 0 error(s), 2 left on base; Asheville 5 - Phoenix Hotspur 0
BOTTOM OF THE 3RD
Phoenix Hotspur Youth batting - Pitching for Asheville Highlanders : RHP Romano Martínez
Batting: RHB Hieronymus Bosch 0-0: Ground out 5-3 (Groundball, 56S)
Batting: RHB Enrico Sánchez 0-0: Ball
1-0: Called Strike
1-1: Ball
2-1: Ball
3-1: Base on Balls
Batting: RHB Phillip Mendizabal 0-0: Ball
1-0: Foul Ball, location: 2F
1-1: Foul Ball, location: 2F
1-2: Ball
2-2: Foul Ball, location: 2F
2-2: Strikes out swinging
Batting: RHB David Rivas 0-0: Called Strike
0-1: Reached on error, E5 (Groundball, 56)
Enrico Sánchez to second
Batting: RHB Bernardo Rivera 0-0: Swinging Strike
0-1: Swinging Strike
0-2: Fielders Choice at 2nd, 4-6 (Groundball, 4)
Bottom of the 3rd over - 0 run(s), 0 hit(s), 1 error(s), 1 left on base; Asheville 5 - Phoenix Hotspur 0
TOP OF THE 4TH
Asheville Highlanders batting - Pitching for Phoenix Hotspur Youth : LHP Ismael Lara
Batting: RHB Mason Holling 0-0: Called Strike
0-1: Ball
1-1: Ball
2-1: Ball
3-1: Foul Ball, location: 2F
3-2: Base on Balls
Batting: RHB Miguel Montoya 0-0: Ball
1-0: Ball
2-0: Ball
3-0: Called Strike
3-1: Base on Balls
Mason Holling to second
Batting: RHB Chris Oudekirk 0-0: Ball
1-0: Ball
2-0: Ball
3-0: Called Strike
3-1: Foul Ball, location: 2F
3-2: Base on Balls
Mason Holling to third
Miguel Montoya to second
Batting: LHB Tomás Valenzuela 0-0: Fielders Choice at 2nd, 3-6 (Groundball, 34)
Mason Holling scores
Miguel Montoya to third
Batting: RHB Ron Spence 0-0: Called Strike
0-1: Swinging Strike
0-2: Ball
1-2: Ball
2-2: Strikes out swinging
Tomás Valenzuela is caught stealing 2nd base
Batter strikes out.
Top of the 4th over - 1 run(s), 0 hit(s), 0 error(s), 1 left on base; Asheville 6 - Phoenix Hotspur 0
BOTTOM OF THE 4TH
Phoenix Hotspur Youth batting - Pitching for Asheville Highlanders : RHP Romano Martínez
Batting: LHB Kenny Scott 0-0: Ball
1-0: Swinging Strike
1-1: Ball
2-1: Ball
3-1: Foul Ball, location: 2F
3-2: Fly out, F9 (Flyball, 9LSF)
Batting: RHB Eric Conway 0-0: Called Strike
0-1: Ball
1-1: Fly out, F9 (Flyball, 89D)
Batting: RHB Rubén Andrada 0-0: Foul Ball, location: 2F
0-1: Swinging Strike
0-2: Foul Ball, location: 2F
0-2: Ball
1-2: Ball
2-2: Foul Ball, location: 2F
2-2: Ball
3-2: Fly out, F8 (Flyball, 8RD)
Bottom of the 4th over - 0 run(s), 0 hit(s), 0 error(s), 0 left on base; Asheville 6 - Phoenix Hotspur 0
TOP OF THE 5TH
Asheville Highlanders batting - Pitching for Phoenix Hotspur Youth : LHP Ismael Lara
Pitching: LHP Juan López
Batting: RHB Esteban Olivo 0-0: Foul Ball, location: 2F
0-1: Called Strike
0-2: Ground out 5-3 (Groundball, 5L)
Batting: RHB Jan Gosselin 0-0: Ground out 5-3 (Groundball, 56S)
Batting: RHB Marshall Attwood 0-0: Called Strike
0-1: Ball
1-1: Swinging Strike
1-2: SINGLE (Flyball, 8RS)
Batting: RHB Bill Tan 0-0: Called Strike
0-1: Called Strike
0-2: Ball
1-2: Foul Ball, location: 2F
1-2: Ball
2-2: Foul Ball, location: 2F
2-2: Fly out, F8 (Flyball, 8RM)
Top of the 5th over - 0 run(s), 1 hit(s), 0 error(s), 1 left on base; Asheville 6 - Phoenix Hotspur 0
BOTTOM OF THE 5TH
Phoenix Hotspur Youth batting - Pitching for Asheville Highlanders : RHP Romano Martínez
Batting: LHB António Escalante 0-0: Ball
1-0: Called Strike
1-1: Ground out 4-3 (Groundball, 4)
Batting: RHB Hieronymus Bosch 0-0: Ball
1-0: Ball
2-0: Ball
3-0: Foul Ball, location: 2F
3-1: SINGLE (Groundball, 6MD)
Batting: RHB Enrico Sánchez 0-0: Ball
1-0: Ball
2-0: Ball
3-0: Called Strike
3-1: Foul Ball, location: 2F
3-2: Foul Ball, location: 2F
3-2: Strikes out looking
Batting: RHB Phillip Mendizabal 0-0: Called Strike
0-1: Called Strike
0-2: Ground out 5-3 (Groundball, 5S)
Bottom of the 5th over - 0 run(s), 1 hit(s), 0 error(s), 1 left on base; Asheville 6 - Phoenix Hotspur 0
TOP OF THE 6TH
Asheville Highlanders batting - Pitching for Phoenix Hotspur Youth : LHP Juan López
Batting: RHB Mason Holling 0-0: Swinging Strike
0-1: Ball
1-1: Ball
2-1: Ball
3-1: Ground out 4-3 (Groundball, 4)
Batting: RHB Miguel Montoya 0-0: Ball
1-0: Ball
2-0: Called Strike
2-1: Called Strike
2-2: Strikes out swinging
Batting: RHB Chris Oudekirk 0-0: Foul Ball, location: 2F
0-1: Ball
1-1: Ball
2-1: Ball
3-1: Called Strike
3-2: Strikes out swinging
Top of the 6th over - 0 run(s), 0 hit(s), 0 error(s), 0 left on base; Asheville 6 - Phoenix Hotspur 0
BOTTOM OF THE 6TH
Phoenix Hotspur Youth batting - Pitching for Asheville Highlanders : RHP Romano Martínez
Batting: RHB David Rivas 0-0: Ball
1-0: Foul Ball, location: 2F
1-1: Foul Ball, location: 2F
1-2: Ball
2-2: Strikes out swinging
Batting: RHB Bernardo Rivera 0-0: Foul Ball, location: 2F
0-1: Swinging Strike
0-2: Foul Ball, location: 2F
0-2: Strikes out swinging
Batting: LHB Kenny Scott 0-0: Ball
1-0: Foul Ball, location: 2F
1-1: Ball
2-1: Swinging Strike
2-2: Foul Ball, location: 2F
2-2: Ball
3-2: Base on Balls
Batting: RHB Eric Conway 0-0: Called Strike
Kenny Scott steals 2nd base
0-1: Ball
1-1: SINGLE (Flyball, 89M)
Kenny Scott to third
Runner from 3rd tries for Home, SAFE, no throw
Batting: RHB Rubén Andrada 0-0: Foul Ball, location: 2F
0-1: Ball
1-1: Foul Ball, location: 2F
1-2: Foul Ball, location: 2F
1-2: Foul Ball, location: 2F
1-2: Foul Ball, location: 2F
1-2: Foul Ball, location: 2F
1-2: Foul Ball, location: 2F
1-2: Ball
2-2: SINGLE (Groundball, 56D)
Eric Conway to second
Pitching: RHP Tom Hernández
Batting: LHB António Escalante 0-0: Hit by Pitch
Eric Conway to third
Rubén Andrada to second
Batting: RHB Hieronymus Bosch 0-0: Ball
1-0: Ball
2-0: Foul Ball, location: 2F
2-1: Fly out, F8 (Flyball, 8RM)
Bottom of the 6th over - 1 run(s), 2 hit(s), 0 error(s), 3 left on base; Asheville 6 - Phoenix Hotspur 1
TOP OF THE 7TH
Asheville Highlanders batting - Pitching for Phoenix Hotspur Youth : LHP Juan López
Batting: LHB Tomás Valenzuela 0-0: Ball
1-0: Foul Ball, location: 2F
1-1: Called Strike
1-2: Foul Ball, location: 2F
1-2: Ball
2-2: Strikes out swinging
Batting: RHB Ron Spence 0-0: Ball
1-0: Foul Ball, location: 2F
1-1: Ball
2-1: Ball
3-1: Base on Balls
Batting: RHB Esteban Olivo 0-0: Fly out, F8 (Flyball, 78M)
Batting: RHB Jan Gosselin 0-0: Ball
1-0: Called Strike
1-1: Called Strike
1-2: Foul Ball, location: 2F
1-2: Ball
2-2: Fly out, F8 (Flyball, 8RM)
Top of the 7th over - 0 run(s), 0 hit(s), 0 error(s), 1 left on base; Asheville 6 - Phoenix Hotspur 1
BOTTOM OF THE 7TH
Phoenix Hotspur Youth batting - Pitching for Asheville Highlanders : RHP Tom Hernández
Batting: RHB Enrico Sánchez 0-0: Called Strike
0-1: Ball
1-1: Ground out 5-3 (Groundball, 56)
Batting: RHB Phillip Mendizabal 0-0: Ball
1-0: Fly out, F7 (Flyball, 7S)
Batting: RHB David Rivas 0-0: Ball
1-0: Ground out 5-3 (Groundball, 56)
Bottom of the 7th over - 0 run(s), 0 hit(s), 0 error(s), 0 left on base; Asheville 6 - Phoenix Hotspur 1
TOP OF THE 8TH
Asheville Highlanders batting - Pitching for Phoenix Hotspur Youth : LHP Juan López
Batting: RHB Marshall Attwood 0-0: Called Strike
0-1: Ball
1-1: Foul Ball, location: 2F
1-2: Fly out, F8 (Flyball, 8RD)
Batting: RHB Bill Tan 0-0: Ball
1-0: Called Strike
1-1: Ball
2-1: SINGLE (Flyball, 8LS)
Batting: RHB Mason Holling 0-0: Ball
1-0: Ball
2-0: Fielders Choice at 2nd, 1-4 (Groundball, 15S)
Batting: RHB Miguel Montoya 0-0: Ball
1-0: Called Strike
1-1: Fly out, F8 (Flyball, 8RXD)
Top of the 8th over - 0 run(s), 1 hit(s), 0 error(s), 1 left on base; Asheville 6 - Phoenix Hotspur 1
BOTTOM OF THE 8TH
Phoenix Hotspur Youth batting - Pitching for Asheville Highlanders : RHP Tom Hernández
Batting: RHB Bernardo Rivera 0-0: Fly out, F8 (Flyball, 8RD)
Batting: LHB Kenny Scott 0-0: Foul Ball, location: 2F
0-1: Ball
1-1: Ball
2-1: Ball
3-1: Base on Balls
Batting: RHB Eric Conway 0-0: Ball
1-0: Called Strike
1-1: Foul Ball, location: 2F
1-2: Foul Ball, location: 2F
1-2: Fly out, F8 (Flyball, 78D)
Batting: RHB Rubén Andrada 0-0: Fly out, F8 (Flyball, 8RM)
Bottom of the 8th over - 0 run(s), 0 hit(s), 0 error(s), 1 left on base; Asheville 6 - Phoenix Hotspur 1
TOP OF THE 9TH
Asheville Highlanders batting - Pitching for Phoenix Hotspur Youth : LHP Juan López
Pitching: RHP Richard Osborn
Batting: RHB Chris Oudekirk 0-0: Ball
1-0: Ball
2-0: Called Strike
2-1: DOUBLE (Line Drive, 7LM)
Batting: LHB Tomás Valenzuela 0-0: Ball
1-0: SINGLE (Flyball, 7S)
Chris Oudekirk to third
Runner from 3rd tries for Home, SAFE, throw made home
Tomás Valenzuela to second
Batting: RHB Ron Spence 0-0: Ball
1-0: Ball
2-0: Called Strike
2-1: Swinging Strike
2-2: Strikes out swinging
Batting: RHB Esteban Olivo 0-0: Ball
1-0: SINGLE (Groundball, 56D)
Tomás Valenzuela to third
Runner from 3rd tries for Home, SAFE, no throw
Batting: RHB Jan Gosselin 0-0: Ball
1-0: Called Strike
1-1: Ball
2-1: Foul Ball, location: 2F
2-2: Strikes out looking
Batting: RHB Marshall Attwood 0-0: Ball
Esteban Olivo steals 2nd base
1-0: Foul Ball, location: 2F
1-1: Ball
2-1: Foul Ball, location: 2F
2-2: Fly out, F7 (Flyball, 78M)
Top of the 9th over - 2 run(s), 3 hit(s), 0 error(s), 1 left on base; Asheville 8 - Phoenix Hotspur 1
BOTTOM OF THE 9TH
Phoenix Hotspur Youth batting - Pitching for Asheville Highlanders : RHP Tom Hernández
Batting: LHB António Escalante 0-0: Called Strike
0-1: Ball
1-1: Foul Ball, location: 2F
1-2: Foul Ball, location: 2F
1-2: Ball
2-2: Ball
3-2: Foul Ball, location: 2F
3-2: Foul Ball, location: 2F
3-2: Base on Balls
Batting: RHB Hieronymus Bosch 0-0: SINGLE (Flyball, 7S)
António Escalante to second
Batting: RHB Enrico Sánchez 0-0: Called Strike
0-1: Ball
1-1: Ball
2-1: Called Strike
2-2: Fly out, F7 (Flyball, 7)
Batting: RHB Phillip Mendizabal 0-0: DOUBLE (Flyball, 78D)
António Escalante scores
Hieronymus Bosch to third
Batting: RHB David Rivas 0-0: Called Strike
0-1: Ground out 6-3 (Groundball, 6)
Hieronymus Bosch scores
Batting: RHB Bernardo Rivera 0-0: Ball
1-0: Ball
2-0: Fly out, F7 (Flyball, 7)
Bottom of the 9th over - 2 run(s), 2 hit(s), 0 error(s), 1 left on base; Asheville 8 - Phoenix Hotspur 3
Wednesday, August 16th, 2017 - OOTP Baseball 17.12 Build 75